 Dungeon Crawl Stone Soup version 0.28.0-43-g3370ac3207 (webtiles) character file.

Game seed: 16989681699191195569

370 terff the Chopper (level 6, 0/47 HPs)
             Began as a Demonspawn Gladiator on Mar 21, 2022.
             Was a Follower of Cheibriados.
             Slain by a gnoll
             ... wielding a +0 halberd
              (5 damage)
             ... on level 4 of the Dungeon.
             The game lasted 00:11:48 (4135 turns).

terff the Chopper (Demonspawn Gladiator)            Turns: 4135, Time: 00:11:49

Health: 0/47       AC: 15    Str: 18    XL:     6   Next: 42%
Magic:  6/6        EV:  8    Int: 11    God:    Cheibriados [*.....]
Gold:   191        SH:  4    Dex: 17    Spells: 5/5 levels left

rFire   . . .      SeeInvis .   a - +1 war axe
rCold   . . .      Faith    +   (no shield)
rNeg    . . .      Spirit   .   p - +0 chain mail
rPois   +          Reflect  .   (helmet restricted)
rElec   .          Harm     .   h - +0 cloak {rPois}
rCorr   .          Rampage  .   (no gloves)
Will    .....                   j - +0 pair of boots
Stlth   ..........              b - amulet of faith
HPRegen 0.15/turn               (no ring)
MPRegen 0.10/turn               (no ring)

@: about to teleport, very slow
A: horns 2, foul stench 1, icemail 1, condensation shield
a: Renounce Religion, Bend Time


You were on level 4 of the Dungeon.
You worshipped Cheibriados.
Cheibriados was aware of your devotion.
You visited 2 branches of the dungeon, and saw 5 of its levels.

You collected 191 gold pieces.

Inventory:

Hand Weapons
 a - a +1 war axe (weapon)
Missiles
 d - 3 throwing nets (quivered)
Armour
 c - a +1 helmet
 h - a +0 cloak of poison resistance (worn)
 j - a +0 pair of boots (worn)
 p - a +0 chain mail (worn)
Jewellery
 b - an amulet of faith (around neck)
Scrolls
 e - 4 scrolls of enchant weapon
 f - 2 scrolls of amnesia
 g - a scroll of enchant armour
 q - a scroll of fear {unknown}
Potions
 i - 2 potions of magic
 l - a potion of brilliance
 m - a potion of degeneration {unknown}
 n - a potion of heal wounds {unknown}
 o - a potion of invisibility {unknown}


   Skills:
 + Level 3.1 Fighting
 + Level 4.8 Axes
 - Level 2.0 Throwing
 + Level 2.5 Armour
 + Level 3.4 Dodging
 + Level 0.1 Stealth
 + Level 0.4 Shields


You had 5 spell levels left.
You didn't know any spells.
Your spell library contained the following spells:

 Spells                   Type           Power      Damage    Failure   Level
 Sting                    Tmut/Pois      0%         1d3       99%         1
 Poisonous Vapours        Pois/Air       0%         N/A       100%        2
 Mephitic Cloud           Conj/Pois/Air  0%         N/A       100%        3
 Tukima's Dance           Hex            0%         N/A       100%        3
 Anguish                  Hex/Necr       0%         N/A       100%        4
 Olgreb's Toxic Radiance  Pois           0%         N/A       100%        4
 Manifold Assault         Tloc           0%         N/A       100%        5
 Enfeeble                 Hex            0%         N/A       100%        7
 Lehudib's Crystal Spear  Conj/Erth      0%         10d2      100%        8


Dungeon Overview and Level Annotations

Branches:
Dungeon (4/15)             Temple (1/1) D:4

Altars:
Cheibriados
Elyvilon
Fedhas
Hepliaklqana
Kikubaaqudgha
Makhleb
Nemelex Xobeh
Wu Jian
The Shining One

Shops:
D:3 (

Annotations:
D:4 1 transporter, hehateme's ghost, amateur KoSu


Innate Abilities, Weirdness & Mutations

You have a pair of horns on your head.
You may rarely emit foul miasma when damaged in melee.
A meltable icy envelope protects you from harm. (AC +4)
A meltable shield of frost defends you. (SH +4)


Message History

The gnoll hits you from afar with a +0 halberd.
The gnoll hits you with a +0 whip.
You closely miss the gnoll.
The gnoll shouts!
Your headbutt misses the gnoll. The gnoll hits you but does no damage.
The gnoll closely misses you.
You hit the gnoll.
The gnoll is heavily wounded.
You block the gnoll's attack. The gnoll closely misses you.
The gnoll hits you from afar with a +0 halberd.
You slash the gnoll!
You kill the gnoll!
Cheibriados appreciates the change of pace.
The gnoll hits you from afar with a +0 halberd!
The gnoll hits you but does no damage.
The gnoll hits you from afar with a +0 halberd. x2
The gnoll barely misses you. The gnoll hits you with a +0 halberd!
* * * LOW HITPOINT WARNING * * *
You see here a +0 whip.
You hit the gnoll.
The gnoll is lightly wounded.
You hit the gnoll. The gnoll hits you but does no damage.
The gnoll barely misses you. You block the gnoll's attack.
The gnoll hits you but does no damage. The gnoll barely misses you.
The gnoll hits you from afar with a +0 halberd.
* * * LOW HITPOINT WARNING * * *
The gnoll throws a stone.
You block the stone.
There is an open door here.
As you read the scroll of teleportation, it crumbles to dust.
You feel strangely unstable.
The gnoll hits you from afar with a +0 halberd.
* * * LOW HITPOINT WARNING * * *
The gnoll throws a stone.
The stone closely misses you.
Your surroundings seem slightly different.
The gnoll barely misses you.
As you read the scroll of teleportation, it crumbles to dust.
You feel strangely unstable. The gnoll closely misses you.
The gnoll hits you from afar with a +0 halberd.
You die...

#.# #.## ##................
#.# ##.###.#......########)
#)# ##.#..##...#.# #####.
#.# ##.#...)....# #....)
#.#### ######.##### #.....
#....# ##g## #.###. ####.#
##g..## #.##.. ##.#
##.....## #.##.# ##..#
##@......## #.....
##...####.........####....#
##.......'.........+........
#........#.........####....#
#.##..##.##.......## ##.#.#
#.##.#.#.###.....## ###.#
#....>...# ##...## #.#
####.##### ##'## ##.#
###.#### #.# #..#


You could see 2 gnolls.

Vanquished Creatures
  A scorpion (D:4)
  Blork the orc (D:4)
  A centaur skeleton (D:4)
  A gnoll shaman (D:3)
  Robin (D:4)
  5 gnolls
  4 adders
  A dart slug (D:4)
  An orc (D:4)
  6 endoplasms
  4 giant cockroaches
  14 goblins
  13 hobgoblins
  8 quokkas
  10 ball pythons
  A bat (D:3)
  4 frilled lizards
  6 kobolds
  13 rats
95 creatures vanquished.

Vanquished Creatures (others)
  8 plants (D:3)
8 creatures vanquished.

Grand Total: 103 creatures vanquished

Notes
Turn   | Place    | Note
-------+----------+-------------------------------------------
     0 | D:1      | terff the Demonspawn Gladiator began the quest for the Orb.
     0 | D:1      | Reached XP level 1. HP: 16/16 MP: 1/1
   144 | D:1      | Reached skill level 3 in Axes
   150 | D:1      | Got the Tome of Spatial Conjuration
   188 | D:1      | Gained mutation: A meltable shield of frost defends you.
                  | (SH +4) [demonic ancestry]
   188 | D:1      | Reached XP level 2. HP: 19/22 MP: 2/2
   642 | D:1      | Gained mutation: You may rarely emit foul miasma when
                  | damaged in melee. [demonic ancestry]
   642 | D:1      | Reached XP level 3. HP: 24/27 MP: 3/3
  1147 | D:2      | Reached skill level 1 in Armour
  1486 | D:2      | Found a faded altar of an unknown god.
  1806 | D:2      | Gained mutation: A meltable icy envelope protects you from
                  | harm. (AC +4) [demonic ancestry]
  1806 | D:2      | Reached XP level 4. HP: 34/34 MP: 4/4
  2430 | D:3      | Reached skill level 4 in Axes
  2604 | D:3      | Found Adghue's Weapon Boutique.
  2694 | D:3      | Gained mutation: You have a pair of small horns on your
                  | head. [demonic ancestry]
  2694 | D:3      | Reached XP level 5. HP: 25/41 MP: 5/5
  3151 | D:4      | Found a staircase to the Ecumenical Temple.
  3167 | Temple   | Entered the Ecumenical Temple
  3323 | Temple   | Became a worshipper of Cheibriados the Contemplative
  3532 | D:4      | Gained mutation: You have a pair of horns on your head.
                  | [demonic ancestry]
  3532 | D:4      | Reached XP level 6. HP: 31/47 MP: 6/6
  3670 | D:4      | Noticed hehateme's ghost (amateur KoSu)
  3753 | D:4      | Noticed Blork the orc
  3764 | D:4      | Killed Blork the orc
  3843 | D:4      | Found a transporter.
  3937 | D:4      | Noticed Robin
  3944 | D:4      | Killed Robin
  3946 | D:4      | Reached * piety under Cheibriados
  4135 | D:4      | Slain by a gnoll

Illustrated notes

Levels and vault maps discovered:
D:1:      mainiacjoe_arrival_reflecting_pool, layout_loops_ring,
          minmay_rat_gold_closets
D:2:      layout_rooms, dreamdust_ecumenical_altar_statues,
          hangedman_glass_teeth, serial_park_tiny_pond, minmay_pentomino_t4
D:3:      cheibrodos_old_hovel, layout_basic, serial_shops,
          nicolae_shop_crystal, mrwooster_statue_mirror
D:4:      layout_loops_corners, minmay_temple_entry_tees,
          gammafunk_ghost_stat_death, uniq_robin, uniq_blork_the_orc
Temple:   mainiacjoe_temple_big_plus

Skill      XL: |  1  2  3  4  5 |
---------------+----------------+-----
Axes           | 3 4 |  4.8
Throwing       | 2 |  2.0
Armour         | 1 2 |  2.5
Fighting       | 3 |  3.1
Dodging        | 3 |  3.4
Stealth        | |  0.1
Shields        | |  0.4

Action                   |  1- 3 |  4- 6 || total
-------------------------+-------+-------++-------
Melee: War axe           |   105 |   113 ||   218
       Punch             |     2 |     1 ||     3
       Headbutt          |       |    10 ||    10
  Use: Scroll            |     7 |     4 ||    11
 Stab: Sleeping          |     1 |       ||     1
Armor: Leather armour    |    33 |    22 ||    55
       Chain mail        |       |    38 ||    38
Dodge: Dodged            |    73 |    64 ||   137
Block: Other             |    15 |    27 ||    42
